AoeStats
← apyrupa_master

MegaRandom

508117021Analyzed
4v4 RM · 13d ago on Sep 21, 2026· 45m 38s· 8 players
Game mode
Random Map
Map size
Large (8 player)
Population
200
Speed
Normal
Resources
Standard
Victory
Conquest
Starting age
Dark Age
Ending age
Imperial Age
RankedLock teamsTeams togetherTeam positionsShared explorationLock speedFull tech treeHidden civsTurbo modeCheats
Victory
Defeat
🇲🇽 Vietnamese · Mexico
1293
+12
🇧🇷 Ethiopians · Brazil
1267
+13
🇦🇷 Khmer · Argentina
1249
+14
🇯🇴 Armenians · Jordan
1230
+15
🇧🇷 Lithuanians · Brazil
1270
-15
🇧🇷 Persians · Brazil
1195
-13
🇧🇷 Khmer · Brazil
1183
-13
🇧🇷 Magyars · Brazil
1180
-13
[MassA]Azrael
6:01 Loom
8:37 Feudal Age
9:17 Double-Bit Axe
13:26 Fletching
17:19 Horse Collar
25:33 Castle Age
23:40 Gold Mining
25:36 Crossbowman
26:12 Bodkin Arrow
26:43 Bow Saw
27:49 Ballistics
28:56 Town Watch
29:19 Padded Archer Armor
32:12 Leather Archer Armor
39:03 Imperial Age
39:02 Wheelbarrow
39:07 Arbalester
40:21 Ring Archer Armor
42:23 Gold Shaft Mining
42:25 Bracer
44:29 Scale Mail Armor
44:40 Forging
45:00 Thumb Ring
46:07 Town Patrol
46:22 Hand Cart
46:17 Squires
46:02 Arson
Sir_FatLion
5:35 Loom
11:26 Feudal Age
12:38 Double-Bit Axe
14:23 Fletching
25:18 Castle Age
25:02 Padded Archer Armor
26:03 Crossbowman
27:27 Bodkin Arrow
27:47 Leather Archer Armor
42:13 Horse Collar
[GDL] R_Oak
7:39 Loom
9:58 Feudal Age
10:30 Double-Bit Axe
10:40 Horse Collar
20:25 Castle Age
19:56 Gold Mining
20:09 Scale Mail Armor
21:27 Bow Saw
22:06 Squires
22:23 Chain Mail Armor
25:34 Forging
27:38 Heavy Plow
28:45 Wheelbarrow
31:58 Iron Casting
36:20 Imperial Age
34:41 Hand Cart
34:48 Fletching
35:29 Padded Archer Armor
35:16 Elite Skirmisher
36:32 Stone Mining
37:35 Paper Money
38:21 Two-Man Saw
37:11 Elite Fire Lancer
37:57 Bodkin Arrow
39:07 Plate Mail Armor
38:26 Town Watch
38:10 Imperial Skirmisher
40:09 Ballistics
41:31 Bracer
41:46 Leather Archer Armor
42:21 Siege Engineers
43:17 Chemistry
43:13 Hoardings
45:04 Ring Archer Armor
hualiya44
0:28 Loom
11:51 Feudal Age
14:38 Castle Age
16:04 Husbandry
19:21 Light Cavalry
20:26 Bloodlines
23:00 Wheelbarrow
23:43 Town Watch
23:49 Double-Bit Axe
29:53 Imperial Age
30:53 Horse Collar
32:23 Hand Cart
32:46 Forging
32:41 Scale Barding Armor
33:36 Heavy Plow
33:57 Bow Saw
34:21 Elite Battle Elephant
36:15 Crop Rotation
35:41 Gold Mining
35:43 Stone Mining
37:10 Conscription
37:48 Iron Casting
37:33 Chain Barding Armor
37:49 Tusk Swords
40:27 Blast Furnace
40:03 Plate Barding Armor
41:30 Town Patrol
apyrupa_master
8:33 Loom
11:00 Feudal Age
19:32 Wheelbarrow
19:25 Fletching
19:35 Padded Archer Armor
24:15 Castle Age
22:12 Double-Bit Axe
26:04 Crossbowman
27:41 Hand Cart
28:04 Bodkin Arrow
30:23 Gold Mining
33:49 Leather Archer Armor
33:51 Horse Collar
36:09 Gold Shaft Mining
45:48 Imperial Age
apyrupa_NoMercy
1:25 Loom
10:47 Feudal Age
13:58 Double-Bit Axe
14:17 Horse Collar
17:34 Scale Barding Armor
17:44 Bloodlines
35:39 Castle Age
ViRGuLiNo
7:07 Loom
9:35 Feudal Age
12:49 Double-Bit Axe
22:04 Castle Age
20:22 Scale Mail Armor
20:27 Scale Barding Armor
20:34 Forging
28:16 Bloodlines
33:05 Chain Barding Armor
39:29 Imperial Age
39:37 Cavalier
41:54 Plate Barding Armor
41:24 Horse Collar
42:30 Iron Casting
43:21 Husbandry
APY_TIAGO
4:55 Loom
9:50 Feudal Age
10:30 Double-Bit Axe
12:47 Horse Collar
22:29 Castle Age
20:53 Scale Barding Armor
21:33 Bloodlines
24:29 Chain Barding Armor
35:16 Husbandry
42:21 Gold Mining
46:59 Imperial Age
Connection lost

Rejoining the realm…

Still unreachable

The connection could not be restored.

Session expired

The server has moved on; the page needs a fresh start.